 Dungeon Crawl Stone Soup version 0.27-a0-1136-g0b992a5a9d (webtiles) character file.

Game seed: 12429773677535338638

492 siradein the Grappler (level 7, -3/55 HPs)
             Began as a Ghoul Gladiator on May 4, 2021.
             Slain by Dowan
             ... wielding a +0 dagger
              (10 damage)
             ... on level 4 of the Dungeon.
             The game lasted 00:10:06 (3566 turns).

siradein the Grappler (Ghoul Gladiator)             Turns: 3566, Time: 00:10:07

Health: -3/55      AC:  4    Str: 19    XL:     7   Next: 14%
Magic:  6/6        EV: 11    Int:  3    God:
Gold:   118        SH:  5    Dex: 11    Spells: 6/6 levels left

rFire    . . .     SeeInvis .     - Unarmed
rCold    + . .     Faith    .   k - +2 buckler
rNeg     + + +     Spirit   .   a - +0 leather armour
rPois    ∞         Reflect  .   b - +0 helmet
rElec    .         Harm     .   (no cloak)
rCorr    .         Rampage  .   (no gloves)
Will     .....                  (no boots)
Stlth    +.........             (no amulet)
HPRegen  0.00/turn              (no ring)
MPRegen  0.10/turn              (no ring)

@: no status effects
A: claws 1, cold resistance 1, negative energy resistance 3, inhibited
regeneration, torment resistance 2, unbreathing 1
a: no special abilities


You were on level 4 of the Dungeon.
You visited 1 branch of the dungeon, and saw 4 of its levels.

You collected 118 gold pieces.

Inventory:

Missiles
 c - a throwing net (quivered)
 j - 8 curare-tipped darts
Armour
 a - a +0 leather armour (worn)
 b - a +0 helmet (worn)
 k - a +2 buckler (worn)
Wands
 l - a wand of mindburst (16)
 t - a wand of iceblast (8)
Scrolls
 e - a scroll of immolation {unknown}
 f - 3 scrolls of amnesia {unknown}
 g - 5 scrolls of identify {unknown}
 n - 2 scrolls of blinking {unknown}
 s - a scroll of magic mapping {unknown}
Potions
 d - 3 potions of mutation {unknown}
 h - a potion of lignification {unknown}
 i - a potion of brilliance {unknown}
 m - 2 potions of heal wounds {unknown}
 o - a potion of berserk rage {unknown}
 p - a potion of cancellation {unknown}
 q - a potion of resistance {unknown}
 r - a potion of attraction {unknown}
 u - a potion of might
 v - a potion of degeneration {unknown}


   Skills:
 - Level 2.1 Fighting
 - Level 1.7 Throwing
 - Level 2.6 Dodging
 + Level 8.7 Unarmed Combat


You had 6 spell levels left.
You didn't know any spells.
Your spell library contained the following spells:

 Spells                   Type           Power      Damage    Failure   Level
 Corona                   Hex            0%         N/A       77%         1
 Ensorcelled Hibernation  Hex/Ice        0%         N/A       88%         2
 Confusing Touch          Hex            0%         N/A       98%         3
 Dazzling Flash           Conj/Hex       0%         N/A       98%         3
 Tukima's Dance           Hex            0%         N/A       98%         3


Dungeon Overview and Level Annotations

Branches:
Dungeon (4/15)
 Temple: D:4-7

Altars:

Annotations:
D:4 Dowan


Innate Abilities, Weirdness & Mutations

You thrive by killing the living.
You are immune to poison.
You have sharp fingernails.
Your flesh is cold resistant. (rC+)
You are immune to negative energy. (rN+++)
You do not regenerate when monsters are visible.
You are immune to unholy pain and torment.
You can survive without breathing.


Message History

Dowan seems to find hidden reserves of power!
You have reached level 7!
Things that are here:
a +2 antimagic rapier; a +0 ring mail Dowan barely misses you. x2
You scratch Dowan.
Dowan is lightly wounded.
Dowan drinks a potion.
Dowan seems to grow stronger.
You scratch Dowan.
Dowan is moderately wounded.
Dowan hits you with a +0 dagger. Dowan misses you.
You scratch Dowan but do no damage.
Dowan is moderately wounded.
Dowan hits you with a +0 dagger.
You miss Dowan.
Dowan is moderately wounded.
Dowan hits you with a +0 dagger.
You miss Dowan.
Dowan is moderately wounded.
Dowan hits you with a +0 dagger. Dowan barely misses you.
You claw Dowan!
Dowan is almost dead.
Dowan hits you with a +0 dagger!
You miss Dowan.
Dowan is almost dead.
Dowan points at you and mumbles some strange words.
The shard of ice hits you!! You partially resist.
* * * LOW HITPOINT WARNING * * *
Dowan misses you.
You closely miss Dowan.
Dowan is almost dead.
Dowan misses you.
You barely miss Dowan.
Dowan is almost dead.
Dowan barely misses you. Dowan closely misses you.
You miss Dowan.
Dowan is almost dead.
Dowan breathes, "And she was my only..."
Dowan hits you with a +0 dagger!
You die...

.......)#....# #......#
##......####.# #..#####
##..##..####.# ##..#
#..........#.# #...#
...###.###...## #.#.####
..####...##...###......#
......##)###..##.......#
.####..........#.#.....#
.# #####.####.)@e.....#
.########..# ###.......#
........##.### #.#.....#
.######.##..># #.#####.#
.### #....#.###.# #.#
...##
####...#...#####.#####
.#..##
##................#
.....###
##...............#
.......#
#.....#.........#


You could see Dowan (fast, strong).

Vanquished Creatures
  Duvessa (D:4)
  A black bear (D:4)
  An ogre (D:3)
  A hound (D:3)
  A hound skeleton (D:4)
  Robin (D:3)
  A gnoll (D:1)
  6 adders
  An adder skeleton (D:4)
  A worm (D:2)
  3 dart slugs
  8 orcs (D:3)
  9 bats
  8 endoplasms
  3 giant cockroaches
  16 goblins
  8 hobgoblins
  5 jackals
  4 kobolds
  5 ball pythons
  4 frilled lizards
  A quokka skeleton (D:4)
  7 rats
96 creatures vanquished.

Notes
Turn   | Place    | Note
-------+----------+-------------------------------------------
     0 | D:1      | siradein the Ghoul Gladiator began the quest for the Orb.
     0 | D:1      | Reached XP level 1. HP: 17/17 MP: 0/0
   175 | D:1      | Reached skill level 4 in Unarmed Combat
   175 | D:1      | Reached XP level 2. HP: 12/24 MP: 1/1
   550 | D:1      | Reached XP level 3. HP: 29/29 MP: 2/2
  1242 | D:2      | Reached skill level 5 in Unarmed Combat
  1816 | D:2      | Reached XP level 4. HP: 36/36 MP: 3/3
  2263 | D:3      | Found a faded altar of an unknown god.
  2390 | D:3      | Reached skill level 6 in Unarmed Combat
  2433 | D:3      | Reached XP level 5. HP: 36/41 MP: 4/4
  2489 | D:3      | Noticed Robin
  2522 | D:3      | Killed Robin
  3245 | D:4      | Noticed an ogre
  3270 | D:3      | Killed an ogre
  3271 | D:3      | Reached skill level 7 in Unarmed Combat
  3271 | D:3      | Reached XP level 6. HP: 32/48 MP: 5/5
  3431 | D:4      | Noticed a black bear
  3440 | D:4      | Killed a black bear
  3441 | D:4      | Reached skill level 8 in Unarmed Combat
  3533 | D:4      | Noticed Duvessa
  3553 | D:4      | Noticed Dowan
  3554 | D:4      | Killed Duvessa
  3555 | D:4      | Reached XP level 7. HP: 55/55 MP: 6/6
  3566 | D:4      | Slain by Dowan

Illustrated notes

Levels and vault maps discovered:
D:1:      amcnicky_arrival_single_pillar, layout_basic
D:2:      layout_basic, feat_on_display
D:3:      layout_loops_ring, shapermc_ecumenical_altar_notcrosses, uniq_robin
D:4:      layout_rooms, uniq_duvessa

Skill      XL: |  1  2  3  4  5  6 |
---------------+-------------------+-----
Unarmed Combat | 4 5 6 7 8 |  8.7
Fighting       | |  2.1
Throwing       | |  1.7
Dodging        | |  2.6

Action                   |  1- 3 |  4- 6 |  7- 9 || total
-------------------------+-------+-------+-------++-------
Melee: Unarmed           |    97 |   188 |    10 ||   295
       Punch             |       |     1 |       ||     1
Throw: Throwing net      |       |     2 |       ||     2
 Stab: Distracted        |       |     1 |       ||     1
       Sleeping          |       |     1 |       ||     1
       Held in net/web   |       |     2 |       ||     2
Armor: Leather armour    |    29 |    46 |       ||    75
Dodge: Dodged            |    66 |    79 |     8 ||   153
Block: Buckler           |       |    42 |       ||    42

Table legend: (Time is in decaauts)
 A = Elapsed time spent in this place.
 B = Non-inter-level travel time spent in this place.
 C = Inter-level travel time spent in this place.
 D = Time resting spent in this place.
 E = Time spent auto-exploring this place.
 F = Levels seen in this place.
 G = Mean time per level.
                   A        B        C        D        E       F      G
               +--------+--------+--------+--------+--------+-----+--------+
         Total |   3547 |   3457 |     90 |    216 |   2600 |   4 |  886.8 |
       Dungeon |   3547 |   3457 |     90 |    216 |   2600 |   4 |  886.8 |
               +--------+--------+--------+--------+--------+-----+--------+

Top non-repeatable levels by time:
     D:1: 1369 daAuts
     D:3: 1203 daAuts
     D:2: 678 daAuts
     D:4: 295 daAuts
